 Dungeon Crawl Stone Soup version 0.31.0-11-ge490571c62 (webtiles) character file.

Game seed: 2164005552367410453

60 qw the Shooter (level 3, -4/20 HPs)
             Began as a Deep Elf Hunter on Feb 4, 2024.
             Slain by Sigmund
             ... wielding a +2 scythe of protection
              (7 damage)
             ... on level 3 of the Dungeon.
             The game lasted 00:00:05 (1553 turns).

qw the Shooter (Deep Elf Hunter)                    Turns: 1553, Time: 00:00:06

Health: -4/20      AC:  8    Str: 10    XL:     3   Next: 80%
Magic:  5/5        EV: 11    Int: 13    God:
Gold:   174        SH:  0    Dex: 18    Spells: 2/2 levels left

rFire   . . .        a - +1 shortbow
rCold   . . .        (shield currently unavailable)
rNeg    . . .        j - +0 ring mail
rPois   .            m - +1 helmet
rElec   .            (no cloak)
rCorr   .            (no gloves)
SInv    +            d - +0 pair of boots
Will    .....        (no amulet)
Stlth   +            g - ring of see invisible
HPRegen 0.23/turn    (no ring)
MPRegen 0.09/turn

%: no passive effects
@: attractive
A: no striking features
a: no special abilities


You were on level 3 of the Dungeon.
You visited 1 branch of the dungeon, and saw 3 of its levels.

You collected 174 gold pieces.


   Skills:
 - Level 1.5 Fighting
 + Level 7.3 Ranged Weapons
 - Level 2.4 Dodging
 - Level 1.2 Stealth


You had 2 spell levels left.
You didn't know any spells.
Your spell library was empty.

Inventory:

Hand Weapons
 a - a +1 shortbow (weapon)
Armour
 d - a +0 pair of boots (worn)
 j - a +0 ring mail (worn)
 m - a +1 helmet (worn)
Jewellery
 g - a ring of see invisible (left hand)
Scrolls
 b - a scroll of identify
Potions
 h - a potion of mutation

Dungeon Overview and Level Annotations

Branches:
Dungeon (3/15)

Altars:

Annotations:
D:3 Sigmund


Message History

b - a scroll of identify You open the door.
An endoplasm comes into view.
There is an open door here.
You shoot an arrow.
The arrow hits the endoplasm but does no damage.
You shoot an arrow. The arrow hits the endoplasm!
You kill the endoplasm!
Found a potion of brilliance.
Sigmund the Dreaded comes into view.
He is wielding a +2 scythe of protection.
You shoot an arrow. The arrow hits Sigmund.
Sigmund shouts!
Sigmund is lightly wounded.
Sigmund points at you and mumbles some strange words.
You are confused.
1543 ||| DRINKING orange potion.
It was a potion of heal wounds.
You feel much better.
1544 ||| DRINKING murky inky potion.
It was a potion of attraction.
You feel attractive to monsters. Sigmund is attracted toward you.
Sigmund hits you but does no damage.
Sigmund hits you with a +2 scythe of protection!
Sigmund hits you with a +2 scythe of protection!
You feel less confused.
You shoot an arrow. The arrow hits Sigmund!
Sigmund is heavily wounded.
Sigmund breathes a few words.
Sigmund's hands start flickering wildly.
Sigmund hits you with a +2 scythe of protection.
You shoot an arrow.
The arrow hits Sigmund but does no damage.
Sigmund is heavily wounded.
Sigmund barely misses you.
You shoot an arrow. The arrow closely misses Sigmund.
Sigmund gestures at you while chanting. The magic dart hits you.
You shoot an arrow. The arrow barely misses Sigmund.
Sigmund hits you with a +2 scythe of protection!
You die...
Sigmund begins carving another notch in his scythe.

#### ..# #.#
#.## ####..##
#......####
#....#....###
#....####..@#
#....# ###.@#
######....#
##...#
.....#....#####
##!#
####.#........#
..#
.....'.........
...
####.#.....##.#
...
#.#.....##.#
##.
#.......##.#


You could see Sigmund.

Vanquished Creatures
  2 adders
  A dart slug (D:3)
  5 endoplasms
  3 giant cockroaches
  2 goblins
  7 hobgoblins
  2 quokkas (D:2)
  A ball python (D:1)
  5 bats
  3 frilled lizards
  4 kobolds
  2 rats
37 creatures vanquished.

Notes
Turn   | Place    | Note
-------+----------+-------------------------------------------
     0 | D:1      | qw the Deep Elf Hunter began the quest for the Orb.
     0 | D:1      | Reached XP level 1. HP: 12/12 MP: 3/3
     0 | D:1      | 0 ||| qw: Version: 0.3-a-160-g6735b56
     0 | D:1      | 0 ||| qw: Game counter: 5013
     0 | D:1      | 0 ||| qw: Melee chars always use a shield: true
     0 | D:1      | 0 ||| qw: God list: Okawaru
     0 | D:1      | 0 ||| qw: Allow faded altars: false
     0 | D:1      | 0 ||| qw: Do Orc after clearing Dungeon:15 true
     0 | D:1      | 0 ||| qw: Do second Lair branch before Depths: true
     0 | D:1      | 0 ||| qw: Lair rune preference: random
     0 | D:1      | 0 ||| qw: Goals: Normal
     0 | D:1      | 0 ||| PLANNING D:1-11
   224 | D:1      | Reached skill level 6 in Ranged Weapons
   224 | D:1      | Reached XP level 2. HP: 16/16 MP: 4/4
   701 | D:1      | 701 ||| UPGRADING to +0 pair of boots.
   706 | D:1      | 706 ||| UPGRADING to +0 scale mail.
   716 | D:1      | 716 ||| DROPPING +0 leather armour.
   717 | D:1      | 717 ||| UPGRADING to ring of see invisible.
   718 | D:1      | 718 ||| DROPPING scroll of butterflies.
   820 | D:2      | Reached XP level 3. HP: 20/20 MP: 5/5
   989 | D:2      | Reached skill level 7 in Ranged Weapons
  1210 | D:2      | 1210 ||| UPGRADING to +0 ring mail.
  1220 | D:2      | 1220 ||| DROPPING +0 scale mail.
  1221 | D:2      | 1221 ||| UPGRADING to +1 helmet.
  1226 | D:2      | 1226 ||| READING scroll labelled ULEFOD SUTS.
  1226 | D:2      | 1226 ||| IDENTIFYING coppery potion
  1227 | D:2      | 1227 ||| READING scroll labelled FESUROAFAD.
  1228 | D:2      | 1228 ||| READING scroll labelled KEFOSS XOUC.
  1229 | D:2      | 1229 ||| READING scroll labelled DIQ GUV JES.
  1330 | D:2      | 1330 ||| READING scroll labelled AGOC YDGHEMAUPO.
  1330 | D:2      | 1330 ||| ENCHANTING +0 shortbow.
  1331 | D:2      | 1331 ||| READING scroll labelled XIUBLEIJOU.
  1334 | D:2      | 1334 ||| READING scroll labelled KOAHOD RANT.
  1335 | D:2      | 1335 ||| DRINKING 2 murky orange potions.
  1336 | D:2      | 1336 ||| DROPPING potion of brilliance.
  1338 | D:2      | 1338 ||| Stepping ~*~*~tactically~*~*~ (cloud).
  1345 | D:2      | HP: 5/20 [poisoned by you (poison gas)]
  1541 | D:3      | Noticed Sigmund
  1543 | D:3      | 1543 ||| DRINKING orange potion.
  1544 | D:3      | 1544 ||| DRINKING murky inky potion.
  1548 | D:3      | HP: 5/20 [Sigmund/+2 scythe of protection (8)]
  1553 | D:3      | Slain by Sigmund

Levels and vault maps discovered:
D:1:      dpeg_arrival_shrine, layout_basic
D:2:      layout_rooms
D:3:      layout_basic, grunt_decor_arrowhead, uniq_sigmund

Skill      XL: |  1  2  3 |
---------------+----------+-----
Ranged Weapons | 6 7 |  7.3
Fighting       | |  1.5
Dodging        | |  2.4
Stealth        | |  1.2

Action                     || total
---------------------------++-------
   Fire: Shortbow          ||    98
    Use: Scroll            ||     7
         Potion            ||     3
 Armour: Leather armour    ||     8
         Scale mail        ||    12
         Ring mail         ||     7
  Dodge: Dodged            ||    19

Table legend:
 A = Non-vault XP
 B = Vault XP
 C = Vault XP percentage of total XP
 D = Non-vault monster count
 E = Vault monster count
 F = Vault count percentage of total count
                 A         B        C        D         E       F
            +---------+---------+-------+---------+---------+-------
      Total |      86 |       0 |   0.0 |      37 |       0 |   0.0
            +---------+---------+-------+---------+---------+-------
        D:1 |      24 |       0 |   0.0 |      15 |       0 |   0.0
        D:2 |      40 |       0 |   0.0 |      17 |       0 |   0.0
        D:3 |      22 |       0 |   0.0 |       5 |       0 |   0.0
            +---------+---------+-------+---------+---------+-------
